 Dungeon Crawl Stone Soup version 0.18-a0-738-g888b110 (webtiles) character file.

301 Arkorax the Insei (level 6, 0/56 HPs)
             Began as a Draconian Monk on Dec 10, 2015.
             Succumbed to a worker ant's poison
             ... on level 4 of the Dungeon.
             The game lasted 00:05:23 (3011 turns).

Arkorax the Insei (Draconian Monk)                  Turns: 3011, Time: 00:05:23

Health: 0/56       AC:  7    Str: 18    XL:     6   Next: 14%
Magic:  6/6        EV: 14    Int: 16    God:
Gold:   172        SH:  0    Dex: 15    Spells: 0 memorised, 5 levels left

rFire  . . .     SeeInvis .       - Unarmed
rCold  . . .     Clarity  .     (armour unavailable)
rNeg   . . .     SustAt   .     (no shield)
rPois  .         Gourm    .     (helmet restricted)
rElec  .         Spirit   .     t - +0 cloak
rCorr  .         Dismiss  .     (no gloves)
rMut   .         Stasis   .     (no boots)
MR     .....                    (no amulet)
Stlth  ++........               (no ring)
                                k - ring of wizardry

@: mighty, brilliant, lethally poisoned (0 -> -10), not resistant to hostile
enchantments, unstealthy
A: unfitting armour, cold-blooded, AC +6
a: no special abilities


You were on level 4 of the Dungeon.
You were not hungry.

You visited 1 branch of the dungeon, and saw 4 of its levels.

You collected 172 gold pieces.

Inventory:

Hand Weapons
 e - a +2 dagger of electrocution
Armour
 t - a +0 cloak (worn)
Jewellery
 k - a ring of wizardry (left hand)
 n - an uncursed amulet of rage {unknown}
 r - an uncursed ring of sustain attributes {unknown}
Scrolls
 c - 3 scrolls of fear {unknown}
 f - a scroll of amnesia {unknown}
 g - 2 scrolls of teleportation {unknown}
 h - 3 scrolls of identify {unknown}
 i - 4 scrolls of noise {unknown}
 l - 3 scrolls of immolation {unknown}
 m - a scroll of random uselessness {unknown}
 o - 3 scrolls of enchant weapon {unknown}
 q - a scroll of recharging {unknown}
 u - a scroll of remove curse {unknown}
Potions
 d - a potion of brilliance
Comestibles
 a - 3 bread rations
 b - a beef jerky
 j - a slice of pizza


   Skills:
 * Level 5.4 Fighting
 + Level 3.8 Dodging
 - Level 1.7 Stealth
 * Level 5.5 Unarmed Combat


You had 5 spell levels left.
You didn't know any spells.

Dungeon Overview and Level Annotations

Branches:
Dungeon (4/15)
 Temple: D:4-7

Altars:
Gozag
Trog


Innate Abilities, Weirdness & Mutations

Your plain brown scales are hard (AC +6).
Your body does not fit into most forms of armour.
You are cold-blooded and may be slowed by cold attacks.


Message History

The kobold closely misses you.
You punch the worker ant!
You kill the worker ant!
* * * LOW HITPOINT WARNING * * *
You feel sick.
You barely miss the kobold.
* * * LOW HITPOINT WARNING * * *
You feel sick. The kobold completely misses you.
You punch the kobold!
You kill the kobold!
* * * LOW HITPOINT WARNING * * *
You feel sick.
* * * LOW HITPOINT WARNING * * *
You feel sick.
You see here a club.
You aren't carrying any items that can be evoked.
There is a lethal amount of poison in your body!
* * * LOW HITPOINT WARNING * * *
You feel sick.
You die...

#............#
#.........:..
#.........#..
.......<..#.#
.$.....>..#.#
..........#.#
..........#.#
##..........#
##.....#.@##
#######..#
####


There were no monsters in sight!

Vanquished Creatures
  2 crimson imps (D:3)
  A giant frog skeleton (D:4)
  2 orc wizards (D:3)
  3 worker ants
  3 adders
  An ooze (D:3)
  A worm (D:2)
  2 giant geckos
  2 orcs
  A ball python (D:4)
  5 hobgoblins
  3 jackals (D:3)
  6 kobolds
  2 quokkas (D:2)
  6 bats
  4 giant cockroaches
  A giant newt (D:3)
  7 goblins
  9 rats
61 creatures vanquished.

Vanquished Creatures (others)
  An orc (D:3)
1 creature vanquished.

Grand Total: 62 creatures vanquished

Notes
Turn   | Place    | Note
--------------------------------------------------------------
     0 | D:1      | Arkorax the Draconian Monk began the quest for the Orb.
     0 | D:1      | Reached XP level 1. HP: 19/19 MP: 1/1
   442 | D:1      | Reached XP level 2. HP: 19/26 MP: 2/2
  1077 | D:2      | Reached XP level 3. HP: 18/33 MP: 3/3
  1867 | D:3      | Found a bloodstained altar of Trog.
  1876 | D:3      | Reached XP level 4. HP: 37/40 MP: 4/4
  1941 | D:3      | HP: 1/40 [orc/enchanted war axe (12)]
  1964 | D:3      | Reached skill level 5 in Unarmed Combat
  2196 | D:3      | Found an opulent altar of Gozag.
  2245 | D:3      | Reached XP level 5. HP: 47/47 MP: 5/5
  2572 | D:4      | Reached skill level 5 in Fighting
  2850 | D:4      | Noticed an ogre
  3000 | D:4      | Reached XP level 6. HP: 17/56 MP: 6/6
  3008 | D:4      | HP: 2/56 [poisoned by a worker ant]
  3011 | D:4      | Succumbed to a worker ant's poison

Vault maps used:
D:1:      saegor_arrival_simple_c
D:3:      old_standard_altar, nicolae_gozag_seed_capital, first_bread,
          st_stairs_8, hangedman_decor_opposing
D:4:      kennysheep_little_box, uniq_purgy, uniq_menkaure

Action                   |  1- 3 |  4- 6 || total
-------------------------+-------+-------++-------
Melee: Unarmed           |    35 |   109 ||   144
       Dagger            |    86 |       ||    86
  Use: Potion            |       |     7 ||     7
 Stab: Sleeping          |     5 |     1 ||     6
  Eat: Chunk             |     3 |     2 ||     5
       Bread ration      |       |     1 ||     1
